 Dungeon Crawl Stone Soup version 0.18.1-6-gd335043 (webtiles) character file.

2457 M4edhros the Cleaver (level 9, 73/75 HPs)
             Began as a Minotaur Berserker on May 20, 2016.
             Was a Believer of Trog.
             Starved to death
             ... while paralysed
             ... in a labyrinth.
             The game lasted 00:07:25 (1178 turns).

M4edhros the Cleaver (Minotaur Berserker)           Turns: 1178, Time: 00:07:25

Health: 73/75      AC: 15    Str: 22    XL:     9   Next: 26%
Magic:  8/8        EV:  2    Int:  4    God:    Trog [**....]
Gold:   173        SH:  0    Dex: 13    Spells: 0 memorised, 8 levels left

rFire  . . .     SeeInvis .     e - +2 war axe (freeze)
rCold  . . .     Gourm    .     r - +0 plate armour
rNeg   . . .     Faith    .     (no shield)
rPois  .         Spirit   .     h - +2 hat
rElec  .         Dismiss  .     m - +0 cloak
rCorr  .         Reflect  .     (no gloves)
SustAt .         Harm     .     (no boots)
MR     .....                    (no amulet)
Stlth  ..........               (no ring)
                                (no ring)

@: paralysed, exhausted, fainting, not resistant to hostile enchantments,
extremely unstealthy
A: retaliatory headbutt, horns 2
a: Berserk, Trog's Hand, Burn Spellbooks, Renounce Religion


You were in a labyrinth.
You worshipped Trog.
Trog was pleased with you.
You were fainting.

You visited 1 branch of the dungeon, and saw 12 of its levels.
You also visited: Labyrinth.

You collected 173 gold pieces.

Inventory:

Hand Weapons
 a - a +0 hand axe
 e - a +2 war axe of freezing (weapon)
 n - a +1 broad axe
Missiles
 u - 5 curare-tipped needles
Armour
 b - a +0 animal skin
 h - a +2 hat (worn)
 m - a +0 cloak (worn)
 r - a +0 plate armour (worn)
 t - a steam dragon hide
Jewellery
 j - a cursed ring of protection from cold {unknown}
Wands
 g - a wand of iceblast (6/15)
Scrolls
 d - a scroll of teleportation
 f - 2 scrolls of identify
 o - 3 scrolls of recharging


   Skills:
 + Level 5.8 Fighting
 + Level 12.8 Axes
 + Level 5.1 Armour
 + Level 4.6 Dodging


You had 8 spell levels left.
You didn't know any spells.

Dungeon Overview and Level Annotations

Branches:
Dungeon (12/15)            Temple (0/1) D:6
   Lair: D:8-11         Orc: D:9-12

Altars:
Sif Muna
Xom
Zin

Shops:
D:4 [


Innate Abilities, Weirdness & Mutations

You reflexively headbutt those who attack you in melee.
You have a pair of horns on your head.


Message History

Unknown command.
You slash the hungry ghost! You freeze the hungry ghost.
The hungry ghost is almost destroyed.
The hungry ghost hits you.
You feel slightly more hungry.
Your plate armour prevents you from hitting the hungry ghost.
Your headbutt misses the hungry ghost.
The hungry ghost is almost destroyed.
The hungry ghost hits you.
You feel slightly more hungry. The hungry ghost closely misses you.
Unknown command.
You hit the hungry ghost.
You destroy the hungry ghost!
Your Armour skill increases to level 5!
You now have 173 gold pieces (gained 23).
You feel yourself speed up.
Unknown command.
You aren't carrying any food.
Unknown command.
You lose consciousness!
You have starved to death.
You die...

#.#.
..#.....#....
#####.#.###
#...#.#.# # #. ..
..#. ..#.#....#
.#
.8..#.###)#.#.###
#
........#.#....#
#
#.#####.#.#.#.###
. .# ..#.....#..
.. .
###.#.#.#.#.# ##
# . #..@#.#...#
.# ###.### ### .
... # # .#### ..
##


There were no monsters in sight!

Vanquished Creatures
  The ghost of Rationalist the Shield-Bearer, an amateur FoFi (D:7)
  8 hungry ghosts (Lab)
  A steam dragon (D:8)
  3 orc warriors
  A sky beast (D:7)
  A centaur (D:8)
  A big kobold (D:8)
  A giant frog (D:6)
  A scorpion (D:7)
  3 killer bees (D:7)
  A hound (D:10)
  3 orc priests
  4 orc wizards (D:7)
  2 worker ants
  An adder zombie (D:7)
  2 worms
  A dart slug (D:3)
  A giant gecko (D:2)
  10 orcs
  2 ball pythons
  2 giant cockroaches
  A goblin (D:1)
  A hobgoblin (D:3)
  2 quokkas
  2 bats
  2 giant newts
  A jackal zombie (D:6)
  8 kobolds
  A quokka zombie (D:6)
  4 rats
72 creatures vanquished.

Notes
Turn   | Place    | Note
--------------------------------------------------------------
     0 | D:1      | M4edhros the Minotaur Berserker began the quest for the Orb.
     0 | D:1      | Reached XP level 1. HP: 19/19 MP: 0/0
    55 | D:2      | Reached skill level 4 in Axes
   131 | D:3      | Reached XP level 2. HP: 26/26 MP: 1/1
   173 | D:3      | Reached skill level 5 in Axes
   173 | D:3      | Reached XP level 3. HP: 31/31 MP: 2/2
   225 | D:4      | Reached ** piety under Trog
   234 | D:4      | Found Vilut's Antique Armour Boutique.
   257 | D:4      | Found a shimmering altar of Xom.
   307 | D:5      | Entered Level 5 of the Dungeon
   390 | D:6      | Found a staircase to the Ecumenical Temple.
   413 | D:6      | Noticed an orc warrior
   416 | D:6      | Reached XP level 4. HP: 39/39 MP: 3/3
   422 | D:6      | Reached skill level 6 in Axes
   423 | D:6      | Killed an orc warrior
   423 | D:6      | Reached skill level 7 in Axes
   423 | D:6      | Reached XP level 5. HP: 18/45 MP: 4/4
   491 | D:7      | Noticed an orc warrior
   495 | D:7      | Reached skill level 8 in Axes
   495 | D:7      | Reached XP level 6. HP: 42/51 MP: 5/5
   496 | D:7      | Noticed a sky beast
   502 | D:7      | Killed an orc warrior
   502 | D:7      | Reached skill level 9 in Axes
   502 | D:7      | Killed a sky beast
   505 | D:7      | Reached XP level 7. HP: 22/57 MP: 6/6
   528 | D:7      | Reached skill level 10 in Axes
   555 | D:7      | Found a deep blue altar of Sif Muna.
   582 | D:7      | Noticed Rationalist's ghost (amateur FoFi)
   637 | D:7      | Killed Rationalist's ghost
   637 | D:7      | Reached skill level 11 in Axes
   673 | D:7      | Reached XP level 8. HP: 12/64 MP: 7/7
   779 | D:8      | Reached skill level 12 in Axes
   919 | D:10     | Entered Level 10 of the Dungeon
   941 | D:11     | Found a glowing silver altar of Zin.
   997 | D:12     | Found a labyrinth entrance.
  1012 | Lab      | Entered a labyrinth
  1100 | Lab      | Reached skill level 5 in Fighting
  1136 | Lab      | Reached XP level 9. HP: 73/74 MP: 8/8
  1171 | Lab      | Reached skill level 5 in Armour
  1178 | Lab      | Paralysed by fainting for 7 turns
  1178 | Lab      | Starved to death

Skill      XL: |  1  2  3  4  5  6  7  8  9 |
---------------+----------------------------+-----
Axes           | 4 5 7 8 9 11 12 | 12.8
Fighting       | 5 |  5.8
Armour         | 4 5 |  5.1
Dodging        | 4 |  4.6

Action                   |  1- 3 |  4- 6 |  7- 9 || total
-------------------------+-------+-------+-------++-------
Melee: Hand axe          |    36 |       |       ||    36
       Headbutt          |    13 |     2 |    20 ||    35
       Broad axe         |     8 |    23 |    67 ||    98
       War axe           |       |       |    65 ||    65
Invok: Berserk           |     2 |     1 |     5 ||     8
       Trog's Hand       |       |       |     4 ||     4
  Use: Potion            |       |       |     6 ||     6
       Scroll            |       |       |     6 ||     6
  Eat: Chunk             |       |     1 |    10 ||    11
       Bread ration      |       |       |     2 ||     2
       Pizza             |       |       |     2 ||     2
       Beef jerky        |       |       |     2 ||     2
Armor: Animal skin       |     5 |       |       ||     5
       Plate armour      |       |    12 |    98 ||   110
       Skin              |       |       |     6 ||     6
Dodge: Dodged            |    21 |    11 |    47 ||    79
